Map: Dreamcatcher LE

Players

Lambo

  • Race: Zerg Zerg
  • Spawn Location: 5:00

uThermal - Winner!

  • Race: Terran Terran
  • Spawn Location: 11:00

Event: WCS Valencia 2018

VOD

Have the link to the VOD?

Description

Time

  • Played on: July 12, 2018, 9:18 a.m.
  • Length: 12:08

All games in this series

Show
View Real Time Build Order
Export as new Build Order

Lambo Zerg 

Build Orders: Pool First 

Get SALT Encoding   

  12  0:00  Drone  
  13  0:08  Drone  
  14  0:15  Extractor, Drone  
  14  0:31  Spawning Pool  
  14  0:35  Drone  
  14  0:43  Overlord  
  14  0:51  Extractor, Drone  
  15  1:03  Drone  
  16  1:18  Zergling x4  
  18  1:19  Zergling x2  
  18  1:20  Metabolic Boost  
  19  1:29  Zergling x2  
  20  1:41  Zergling x2  
  20  1:45  Hatchery  
  20  1:53  Queen  
  22  2:00  Overlord  
  22  2:10  Extractor, Drone  
  23  2:25  Zergling x4  
  23  2:29  Queen  
  27  2:35  Drone  
  27  2:45  Drone  
  27  2:56  Drone  
  27  3:00  Drone  
  28  3:06  Drone  
  28  3:07  Drone  
  28  3:09  Hatchery, Drone x2  
  31  3:18  Overlord  
  31  3:23  Drone  
  31  3:26  Queen  
  34  3:28  Drone  
  35  3:37  Drone  
  35  3:38  Drone x3  
  39  3:47  Zergling x2  
  39  3:48  Zergling x4  
  41  3:49  Drone  
  41  3:50  Drone  
  41  3:54  Overlord  
  43  3:59  Extractor, Queen  
  45  4:13  Drone x2  
  45  4:14  Drone x2  
  45  4:15  Queen  
  51  4:19  Overlord  
  51  4:23  Drone x2  
  53  4:26  Drone  
  53  4:28  Drone  
  53  4:29  Drone  
  56  4:33  Drone  
  56  4:35  Drone  
  56  4:38  Overlord  
  60  4:40  Spore Crawler  
  60  4:41  Spore Crawler  
  60  4:43  Drone  
  57  4:46  Spore Crawler, Queen  
  57  4:49  Overlord  
  57  4:51  Overlord  
  58  4:57  Drone  
  58  4:58  Drone x4  
  63  5:03  Lair  
  63  5:05  Drone  
  64  5:07  Drone  
  64  5:11  Drone x2  
  64  5:12  Extractor  
  64  5:13  Extractor  
  65  5:16  Zergling x4  
  65  5:20  Zergling x4  
  69  5:25  Baneling Nest, Drone x2  
  69  5:26  Drone  
  69  5:27  Drone x3  
  73  5:36  Drone x3  
  73  5:40  Drone x2  
  73  5:42  Drone x2  
  80  5:48  Evolution Chamber, Drone  
  80  5:49  Evolution Chamber  
  79  5:52  Drone x2  
  79  5:54  Overlord  
  79  5:55  Drone  
  82  5:57  Extractor  
  82  5:58  Extractor  
  82  6:01  Spine Crawler, Drone  
  77  6:04  Drone  
  77  6:05  Drone  
  77  6:07  Drone  
  77  6:10  Drone x2  
  82  6:13  Drone x2  
  82  6:18  Drone x2  
  82  6:20  Drone x2  
  82  6:22  Drone x3  
  87  6:27  Drone  
  87  6:28  Hydralisk Den  
  87  6:30  Extractor  
  86  6:36  Drone  
  87  6:40  Zerg Ground Armor Level 1  
  87  6:43  Hatchery  
  87  6:44  Zerg Melee Weapons Level 1  
  87  6:46  Drone x2  
  87  6:50  Zergling x8  
  87  6:51  Drone x2  
  87  6:53  Drone  
  90  6:57  Centrifical Hooks  
  90  7:04  Grooved Spines, Overlord x2  
  90  7:10  Overlord  
  90  7:11  Baneling x3  
  90  7:12  Baneling  
  90  7:13  Zergling x2  
  88  7:16  Overlord  
  88  7:17  Zergling x2  
  88  7:23  Zergling x10  
  88  7:28  Drone x4  
  88  7:29  Drone  
  98  7:31  Zergling x4  
  98  7:32  Zergling x2  
  98  7:33  Baneling x2  
  98  7:35  Zergling x4  
  103  7:42  Hydralisk x3  
  109  7:44  Baneling x2  
  109  7:46  Drone x2  
  109  7:49  Overlord  
  111  7:54  Overlord  
  111  7:55  Infestation Pit  
  107  8:03  Drone x5  
  107  8:04  Overlord  
  111  8:07  Queen  
  111  8:09  Overlord  
  113  8:15  Muscular Augments  
  113  8:18  Overlord  
  113  8:23  Hydralisk x2  
  113  8:24  Hydralisk x3, Hatchery  
  113  8:26  Baneling x3  
  122  8:29  Zergling x12  
  122  8:33  Zergling x8  
  132  8:36  Queen  
  132  8:38  Zergling x8  
  138  8:42  Zergling x4  
  138  8:46  Zergling x2  
  140  8:50  Zergling x4  
  140  8:51  Baneling  
  140  8:52  Baneling x6  
  140  8:53  Zergling x2  
  141  8:58  Zergling x2  
  141  8:59  Zergling x2  
  140  9:12  Hive  
  140  9:14  Queen  
  142  9:20  Hydralisk x2  
  146  9:26  Overlord  
  146  9:29  Overlord x2  
  146  9:30  Baneling x2  
  145  9:33  Overlord  
  145  9:35  Overlord x2  
  145  9:36  Zerg Ground Armor Level 2, Zerg Melee Weapons Level 2  
  145  9:39  Zergling x8  
  145  9:40  Hatchery  
  145  9:42  Queen  
  148  9:46  Zergling x12  
  148  9:50  Hydralisk x2  
  148  9:52  Zergling x2  
  159  9:56  Zergling x6  
  159  9:57  Zergling x2  
  161  10:01  Baneling x8  
  161  10:02  Zergling x4, Baneling x5  
  161  10:05  Baneling x2  
  161  10:08  Hydralisk x2  
  161  10:11  Zergling x4  
  166  10:18  Baneling x18  
  166  10:21  Hydralisk  
  154  10:22  Zergling x2  
  154  10:25  Baneling x6  
  154  10:26  Zergling x4  
  159  10:32  Zergling x12  
  159  10:36  Zergling x2  
  159  10:40  Zergling x2  
  159  10:42  Zergling x4  
  161  10:45  Viper  
  161  10:49  Viper  
  160  10:52  Zergling x2  
  160  10:53  Zergling x10  
  169  10:57  Viper  
  169  11:01  Zergling x2  
  173  11:04  Hydralisk x3  
  173  11:06  Baneling x5  
  173  11:08  Hydralisk  
  173  11:10  Hydralisk  
  180  11:13  Zergling x4  
  180  11:15  Hydralisk x3  
  187  11:19  Queen  
  187  11:21  Zergling x12  
  187  11:24  Zergling x8  
  192  11:26  Zergling x2  
  192  11:31  Hydralisk  
  192  11:32  Baneling x4  
  193  11:40  Zergling x8  
  193  11:43  Zergling x2  
  188  11:49  Zergling x2  
  188  11:50  Zergling x6  
  158  11:56  Drone  
Show
View Real Time Build Order
Export as new Build Order

uThermal Terran - Winner!

Build Orders: Reaper Expand, Bio Tank 

Get SALT Encoding   

  12  0:01  SCV  
  13  0:13  SCV  
  14  0:17  Supply Depot  
  14  0:25  SCV  
  15  0:39  SCV  
  15  0:40  Barracks  
  16  0:44  Refinery  
  16  0:51  SCV  
  17  1:03  SCV  
  18  1:15  SCV  
  19  1:27  Reaper  
  19  1:28  Orbital Command  
  20  1:40  Command Center  
  20  1:49  Supply Depot  
  20  1:53  SCV  
  21  1:59  Marine  
  22  2:05  SCV  
  22  2:08  Factory  
  23  2:12  Refinery  
  23  2:17  SCV  
  23  2:29  Command Center  
  23  2:30  Barracks Tech Lab  
  23  2:31  SCV  
  24  2:41  Engineering Bay  
  24  2:43  SCV  
  25  2:52  Hellion  
  25  2:58  Barracks Reactor  
  27  3:02  Supply Depot  
  27  3:03  SCV  
  28  3:14  Hellion  
  28  3:15  SCV  
  28  3:18  Starport  
  31  3:27  SCV  
  32  3:39  SCV  
  32  3:40  Barracks Tech Lab  
  33  3:42  Hellion x2  
  37  3:52  SCV  
  38  4:03  Hellion x2  
  38  4:04  Raven  
  38  4:05  SCV  
  45  4:11  Supply Depot  
  45  4:12  Orbital Command  
  46  4:17  SCV  
  46  4:26  Hellion  
  46  4:29  Hellion, SCV  
  50  4:39  SCV  
  50  4:41  SCV  
  50  4:43  Barracks Tech Lab  
  52  4:46  Raven  
  52  4:51  SCV  
  55  4:55  SCV, Command Center  
  55  4:59  Supply Depot  
  56  5:02  Supply Depot  
  56  5:03  SCV, Marine  
  56  5:06  Stimpack  
  58  5:08  SCV  
  59  5:16  SCV  
  59  5:18  Barracks  
  59  5:20  Factory Reactor, SCV  
  59  5:21  Marine  
  62  5:25  Barracks  
  62  5:29  SCV  
  63  5:37  Engineering Bay  
  63  5:39  Marine, Engineering Bay, Starport Reactor  
  63  5:42  Refinery  
  64  5:43  SCV, Refinery  
  64  5:44  SCV  
  66  5:56  SCV, Marine  
  66  5:57  SCV  
  69  6:08  SCV, Terran Infantry Weapons Level 1, Terran Infantry Armor Level 1  
  69  6:09  SCV  
  69  6:10  Marine  
  69  6:11  Marine, Orbital Command, Siege Tank  
  69  6:14  Marine  
  71  6:20  SCV, Marine x2  
  71  6:23  Medivac x2  
  71  6:25  SCV  
  73  6:32  SCV  
  74  6:34  Marine x3  
  74  6:37  SCV  
  74  6:38  Marine  
  74  6:39  Orbital Command  
  79  6:42  Marine  
  79  6:44  SCV, Siege Tank  
  84  6:49  SCV, Barracks  
  84  6:51  Barracks  
  84  6:53  Medivac  
  87  6:56  Supply Depot, SCV  
  87  7:01  SCV, Marine x2  
  90  7:02  Marine  
  90  7:04  Marine  
  93  7:10  Combat Shields  
  93  7:14  Medivac  
  93  7:15  Armory, SCV  
  96  7:16  SCV  
  96  7:19  Marine x2  
  96  7:22  Marine  
  100  7:26  SCV  
  100  7:27  Supply Depot, SCV, Medivac  
  100  7:28  Marine  
  105  7:32  Siege Tank  
  108  7:38  Barracks Reactor, Refinery  
  108  7:39  SCV  
  108  7:40  Supply Depot  
  109  7:48  Marine x2  
  109  7:49  Supply Depot, SCV x2, Barracks Reactor  
  109  7:50  Supply Depot  
  113  7:52  SCV, Marine  
  114  8:00  Marine  
  114  8:01  Marine  
  114  8:03  Terran Infantry Weapons Level 2  
  114  8:05  SCV x2  
  117  8:06  SCV, Marine x2, Refinery  
  117  8:09  Medivac  
  117  8:10  Marine  
  123  8:15  Marine x2  
  123  8:17  SCV x2  
  123  8:18  Marine x2  
  123  8:19  Factory  
  129  8:22  Supply Depot  
  129  8:23  Supply Depot  
  129  8:26  Terran Infantry Armor Level 2  
  129  8:28  SCV, Marine x2  
  129  8:31  Marine x2  
  134  8:34  Siege Tank  
  134  8:35  Marine x2  
  134  8:40  Marine, Engineering Bay  
  140  8:45  Medivac x2  
  140  8:46  Marine x2  
  146  8:49  Marine  
  146  8:50  Marine  
  146  8:51  Marine  
  146  8:52  Marine  
  150  8:56  Marine x2  
  150  8:58  Marine  
  145  9:04  Marine, Factory Tech Lab  
  145  9:06  Supply Depot, Siege Tank  
  145  9:07  Terran Vehicle Weapons Level 1, Marine  
  146  9:10  Marine  
  146  9:13  Marine x2  
  146  9:14  Marine  
  146  9:15  Medivac  
  152  9:20  Marine  
  153  9:24  Siege Tank  
  153  9:25  Marine  
  153  9:27  Marine  
  153  9:29  Supply Depot  
  158  9:31  Marine  
  158  9:32  Liberator  
  158  9:33  Liberator, Marine  
  158  9:34  Marine x2  
  158  9:36  Marine x2  
  164  9:42  Command Center  
  164  9:44  Marine  
  165  9:47  Siege Tank, Marine  
  175  9:53  Supply Depot  
  175  9:59  Marine x3  
  170  10:01  Marine x2  
  170  10:04  Marine x2  
  170  10:05  Marine  
  170  10:06  Marine  
  176  10:15  Siege Tank  
  176  10:16  Marine  
  176  10:17  Marine x2  
  176  10:18  Marine  
  176  10:19  Marine  
  184  10:22  Marine x2  
  184  10:23  Marine  
  184  10:27  Liberator x2  
  187  10:28  Marine  
  187  10:33  Siege Tank  
  187  10:34  Marine x3  
  188  10:38  Marine  
  188  10:41  Marine  
  190  10:46  Marine  
  190  10:47  Marauder  
  196  10:53  Planetary Fortress  
  196  10:55  Marine  
  197  10:59  Marine x2  
  197  11:03  Marine  
  196  11:28  Marine  
  196  11:29  Marauder  
  196  11:31  Siege Tank  
  199  11:34  Marine  
  198  11:43  Marine  
  194  11:47  Marine  
  164  12:00  Command Center  
Tags
 
Add a new tag
Caveats
  • Supply blocks, unpowered buildings, or Contaminate may cause inaccurate times.
  • Supply counts are checked every 10 seconds.